Unix NetHack Version 3.7.0-89 Work-in-progress - last build Sep 7 2023 15:16:41 (8494bff02b67719303c47e298deaa89034127798,branch:master). Game began 2023-09-12 20:28:31, ended 2023-09-12 21:19:18. death501, lawful female dwarven Valkyrie --------------- |.............| |.......<...... |.............| |.............. |.............| -----.--------- # # ## # # -.---- |....| |...>| |..^..##f#@' ------ Death501 the Skirmisher St:18/03 Dx:14 Co:19 In:7 Wi:8 Ch:9 Lawful Dlvl:7 $:187 HP:0(64) Pw:10(10) AC:5 Xp:5/261 T:3202 Latest messages: You are caught in a bear trap. You are caught in a bear trap. You are caught in a bear trap. You are caught in a bear trap. You are caught in a bear trap. You are caught in a bear trap. You finally wriggle free. You descend the stairs. You climb up the stairs. Your leg feels better. The gold golem hits! The gold golem hits again! You miss the gold golem. The gold golem hits! The gold golem hits again! What do you want to write with? You write in the dust with your fingertip. The gold golem hits! The gold golem misses! Something is written here in the dust. You read: "Elbereth". You see no objects here. You swap places with Bella. Bella bites it. It hits Bella. It knocks Bella back with a forceful blow! Bella bumps into you. It misses Bella. Bella bites it. It hits Bella. It hits Bella. You swap places with Bella. Something is written here in the dust. You read: "E|b??ctn". The gold golem hits! The gold golem hits again! You hit the gold golem! The gold golem hits! The gold golem hits again! What do you want to write with? Do you want to add to the current engraving? n You wipe out the message that was written in the dust here. You write in the dust with your fingertip. The gold golem hits! You die... Do you want your possessions identified? y Do you want to see your attributes? y Do you want an account of creatures vanquished? y Do you want to see your conduct and achievements? y Do you want to see the dungeon overview? y Inventory: Coins $ - 187 gold pieces Amulets v - an uncursed amulet of flying Weapons i - 4 +0 crossbow bolts j - a +0 crossbow (alternate weapon; not wielded) y - 14 +0 darts b - a +0 dagger (at the ready) a - a +1 dwarvish spear (weapon in hand) q - 3 +0 orcish daggers Armor f - an uncursed +0 orcish helm (being worn) r - an uncursed +0 orcish helm B - an uncursed +0 orcish helm C - an uncursed +0 orcish helm c - an uncursed +3 small shield (being worn) Comestibles x - an uncursed carrot s - an uncursed food ration h - an uncursed fortune cookie Scrolls p - 2 uncursed scrolls of teleportation Potions E - a cursed potion of enlightenment g - an uncursed potion of extra healing o - a blessed potion of fruit juice D - an uncursed potion of full healing z - an uncursed potion of see invisible Rings n - a blessed +2 ring of increase damage Tools t - an uncursed sack containing 1 item k - an uncursed mirror m - an uncursed skeleton key named telepathic Gems/Stones w - an uncursed citrine stone l - an uncursed worthless piece of red glass Contents of the sack: 330 gold pieces Death501 the Valkyrie's attributes: Background: You were a Skirmisher, a level 5 dwarven Valkyrie. You were lawful, nominally on a mission for Tyr who was opposed by Odin (neutral) and Loki (chaotic). You were in the Dungeons of Doom, on level 7. You entered the dungeon 3202 turns ago. You had 261 experience points, 59 more were needed to attain level 6. Basics: You had 0 out of 64 hit points. You had all 10 energy points (spell power). Your armor class was 5. Your wallet contained 187 zorkmids, and you had 330 more stashed away in your pack. Autopickup was on for '$' plus thrown. Final Characteristics: Your strength was 18/03 (peak:18/04, limit:18/100). Your dexterity was 14 (limit:20). Your constitution was 19 (limit:20). Your intelligence was 7 (limit:16). Your wisdom was 8 (limit:16). Your charisma was 9 (limit:16). Final Status: You were not hungry. You were unencumbered. You were wielding a spear. You had basic skill with spear. Final Attributes: You were piously aligned. You were cold resistant. You were telepathic. You had infravision. You were stealthy. You are dead. Miscellaneous: You encountered 1 bones level. Total elapsed playing time was 48 minutes and 28 seconds. Major events: Turn 1: death501 the lawful dwarven Valkyrie entered the dungeon 461: entered the Gnomish Mines 959: attained the rank of Skirmisher (level 3) 3202: killed by a gold golem Vanquished creatures: a leprechaun a yeti a dog a rock piercer a pony a yellow light a gnome leader 2 floating eyes 5 hill orcs a rabid rat a dwarf zombie a wererat 3 iguanas 3 acid blobs a hobbit a large kobold a hobgoblin 3 giant rats a cave spider 2 yellow molds a green mold a gnome 3 geckos 4 jackals 3 goblins 2 sewer rats 3 grid bugs a bat 4 lichens a kobold zombie 3 newts 58 creatures vanquished. No species were genocided or became extinct. Voluntary challenges: You were an atheist. You read items or engraved 4 times. You engraved Elbereth 4 times. You never genocided any monsters. You never polymorphed an object. You never changed form. You used no wishes. Achievements: You entered the Gnomish Mines. You entered a shop. You attained the rank of Skirmisher. The Dungeons of Doom: levels 1 to 8 Level 1: Some fountains. Level 2: A general store, a fountain, a grave. Stairs down to The Gnomish Mines. Level 3: A fountain. Level 4: Many fountains. Level 5: Level 6: Level 7: <- You were here. Final resting place for you, killed by a gold golem, jonadab-Tou-Hum-Mal-Neu, killed by a gold golem, mgm7734-Val-Hum-Fem-Law, killed by a gold golem. Level 8: The Gnomish Mines: Level 3: Game over: ---------- / \ / REST \ / IN \ / PEACE \ / \ | death501 | | 517 Au | | killed by a gold | | golem | | | | | | 2023 | *| * * * | * _________)/\\_//(\/(/\)/\//\/|_)_______ Farvel death501 the Valkyrie... You died in The Dungeons of Doom on dungeon level 7 with 1860 points, and 517 pieces of gold, after 3202 moves. You were level 5 with a maximum of 64 hit points when you died.